| TOP OF THE 1ST |
|
Trenton Thunder batting - Pitching for Montgomery Biscuits : LHP Chris Ross
|
|
Pitching: LHP Chris Ross
|
|
|
Batting: RHB Christian Shearer
|
0-0: Ball 1-0: Ground out 5-3 (Groundball, 56, EV 78.8 MPH)
|
|
Batting: LHB Bobby Upton
|
0-0: Swinging Strike 0-1: Ground out 5-3 (Groundball, 25, EV 89.4 MPH)
|
|
Batting: SHB Ryan Buchbinder
|
0-0: Ball 1-0: Called Strike 1-1: Swinging Strike 1-2: Ball 2-2: Ball 3-2: Foul Ball, location: 2F 3-2: Foul Ball, location: 2F 3-2: Fly out, F8 (Line Drive, 78M, EV 92.5 MPH)
|
| Top of the 1st over - 0 runs, 0 hits, 0 errors, 0 left on base; Trenton 0 - Montgomery 0 |
| BOTTOM OF THE 1ST |
|
Montgomery Biscuits batting - Pitching for Trenton Thunder : LHP Nick Turner
|
|
Pitching: LHP Nick Turner
|
|
|
Batting: LHB Mark Marvin
|
0-0: Called Strike 0-1: Ball 1-1: Foul Ball, location: 2F 1-2: Ball 2-2: Ground out 4-3 (Groundball, 4, EV 100.0 MPH)
|
|
Batting: RHB Jonathan Fraire
|
0-0: Called Strike 0-1: Ball 1-1: Foul Ball, location: 2F 1-2: Ground out 5-3 (Groundball, 5, EV 80.6 MPH)
|
|
Batting: RHB David Ward
|
0-0: Called Strike 0-1: Ball 1-1: Hit by Pitch
|
|
Batting: SHB Lou Kroneman
|
0-0: Ball 1-0: Ball 2-0: Ground out 4-3 (Groundball, 4S, EV 83.8 MPH)
|
| Bottom of the 1st over - 0 runs, 0 hits, 0 errors, 1 left on base; Trenton 0 - Montgomery 0 |
| TOP OF THE 2ND |
|
Trenton Thunder batting - Pitching for Montgomery Biscuits : LHP Chris Ross
|
|
Batting: RHB Dale Altman
|
0-0: Ball 1-0: Ball 2-0: Foul Ball, location: 2F 2-1: Foul Ball, location: 2F 2-2: Foul Ball, location: 2F 2-2: Foul Ball, location: 2F 2-2: Strikes out swinging
|
|
Batting: RHB Larry Martell
|
0-0: Ball 1-0: Foul Ball, location: 2F 1-1: Called Strike 1-2: Foul Ball, location: 2F 1-2: Foul Ball, location: 2F 1-2: Ball 2-2: Strikes out looking
|
|
Batting: RHB Phil Reeves
|
0-0: Called Strike 0-1: Fly out, F8 (Flyball, 89M, EV 86.9 MPH)
|
| Top of the 2nd over - 0 runs, 0 hits, 0 errors, 0 left on base; Trenton 0 - Montgomery 0 |
| BOTTOM OF THE 2ND |
|
Montgomery Biscuits batting - Pitching for Trenton Thunder : LHP Nick Turner
|
|
Batting: SHB Wayne Hattan
|
0-0: Foul Ball, location: 2F 0-1: DOUBLE (Line Drive, 89D, EV 104.4 MPH)
|
|
Batting: RHB Freddy Mullen
|
0-0: Swinging Strike 0-1: Ball 1-1: Ball 2-1: Swinging Strike 2-2: Ball 3-2: Strikes out swinging
|
|
Batting: LHB Dan Hunt
|
0-0: Foul Ball, location: 2F 0-1: Ball 1-1: Ball 2-1: Fly out, F4 (Line Drive, 4, EV 68.8 MPH)
|
|
Batting: RHB Kunizo Yanagisawa
|
0-0: Called Strike 0-1: Ball 1-1: SINGLE (Groundball, 4MD, EV 98.1 MPH) Wayne Hattan to third Runner from 3rd tries for Home, throw by CF and OUT! 8-2
|
| Bottom of the 2nd over - 0 runs, 2 hits, 0 errors, 1 left on base; Trenton 0 - Montgomery 0 |
| TOP OF THE 3RD |
|
Trenton Thunder batting - Pitching for Montgomery Biscuits : LHP Chris Ross
|
|
Batting: SHB David Stewart
|
0-0: Ball 1-0: Ball 2-0: Swinging Strike 2-1: SINGLE (Groundball, 6, EV 98.8 MPH)
|
|
Batting: RHB Sam Hubbert
|
0-0: Ball 1-0: Foul Ball, location: 2F 1-1: Foul Ball, location: 2F 1-2: Ball 2-2: Strikes out swinging
|
|
Batting: RHB Javier Umanzor
|
0-0: Called Strike 0-1: Ball 1-1: Swinging Strike 1-2: Ball 2-2: Ball Wild Pitch! David Stewart to second 3-2: DOUBLE (Line Drive, 78XD, EV 105.0 MPH) David Stewart scores
|
|
Batting: RHB Christian Shearer
|
0-0: Called Strike 0-1: Foul Ball, location: 2F 0-2: Strikes out swinging
|
|
Batting: LHB Bobby Upton
|
0-0: Called Strike 0-1: Ball 1-1: Foul Ball, location: 2F 1-2: Foul Ball, location: 2F 1-2: Ball 2-2: Foul Ball, location: 2F 2-2: Ball 3-2: Strikes out looking
|
| Top of the 3rd over - 1 run, 2 hits, 0 errors, 1 left on base; Trenton 1 - Montgomery 0 |
| BOTTOM OF THE 3RD |
|
Montgomery Biscuits batting - Pitching for Trenton Thunder : LHP Nick Turner
|
|
Batting: LHB Alex Genao
|
0-0: Swinging Strike 0-1: Ground out 4-3 (Groundball, 4, EV 89.4 MPH)
|
|
Batting: LHB Mark Marvin
|
0-0: Foul Ball, location: 2F 0-1: Ball 1-1: Ball 2-1: Foul Ball, location: 2F 2-2: Ball 3-2: Fly out, F7 (Flyball, 78D, EV 106.2 MPH)
|
|
Batting: RHB Jonathan Fraire
|
0-0: Ball 1-0: SINGLE (Line Drive, 7S, EV 113.1 MPH)
|
|
Batting: RHB David Ward
|
0-0: Ball 1-0: Ball 2-0: Ball 3-0: Called Strike 3-1: Fielders Choice at 2nd, 5-4 (Groundball, 5L, EV 90.0 MPH)
|
| Bottom of the 3rd over - 0 runs, 1 hit, 0 errors, 1 left on base; Trenton 1 - Montgomery 0 |
| TOP OF THE 4TH |
|
Trenton Thunder batting - Pitching for Montgomery Biscuits : LHP Chris Ross
|
|
Batting: SHB Ryan Buchbinder
|
0-0: Ball 1-0: Called Strike 1-1: Foul Ball, location: 2F 1-2: Strikes out swinging
|
|
Batting: RHB Dale Altman
|
0-0: Ground out 5-3 (Groundball, 5, EV 98.8 MPH)
|
|
Batting: RHB Larry Martell
|
0-0: Ball 1-0: Ball 2-0: Ball 3-0: Called Strike 3-1: Base on Balls
|
|
Batting: RHB Phil Reeves
|
0-0: Swinging Strike 0-1: Fly out, F7 (Flyball, 78S, EV 95.0 MPH)
|
| Top of the 4th over - 0 runs, 0 hits, 0 errors, 1 left on base; Trenton 1 - Montgomery 0 |
| BOTTOM OF THE 4TH |
|
Montgomery Biscuits batting - Pitching for Trenton Thunder : LHP Nick Turner
|
|
Batting: SHB Lou Kroneman
|
0-0: Foul Ball, location: 2F 0-1: Foul Ball, location: 2F 0-2: Strikes out looking
|
|
Batting: SHB Wayne Hattan
|
0-0: Called Strike 0-1: Called Strike 0-2: Ball 1-2: Ball 2-2: Fly out, F9 (Flyball, 9LM, EV 93.1 MPH)
|
|
Batting: RHB Freddy Mullen
|
0-0: Ball 1-0: Ground out 5-3 (Groundball, 56S, EV 64.4 MPH)
|
| Bottom of the 4th over - 0 runs, 0 hits, 0 errors, 0 left on base; Trenton 1 - Montgomery 0 |
| TOP OF THE 5TH |
|
Trenton Thunder batting - Pitching for Montgomery Biscuits : LHP Chris Ross
|
|
Batting: SHB David Stewart
|
0-0: Ball 1-0: Ball 2-0: Ball 3-0: Called Strike 3-1: Fly out, F9 (Flyball, 89M, EV 82.5 MPH)
|
|
Batting: RHB Sam Hubbert
|
0-0: Called Strike 0-1: Foul Ball, location: 2F 0-2: DOUBLE (Groundball, 3L, EV 96.2 MPH)
|
|
Batting: RHB Javier Umanzor
|
0-0: Ground out 6-3 (Groundball, 6, EV 84.4 MPH)
|
|
Batting: RHB Christian Shearer
|
0-0: Ball 1-0: Called Strike 1-1: Ball 2-1: Fly out, F7 (Line Drive, 78M, EV 90.6 MPH)
|
| Top of the 5th over - 0 runs, 1 hit, 0 errors, 1 left on base; Trenton 1 - Montgomery 0 |
| BOTTOM OF THE 5TH |
|
Montgomery Biscuits batting - Pitching for Trenton Thunder : LHP Nick Turner
|
|
Batting: LHB Dan Hunt
|
0-0: Ball 1-0: Ball 2-0: Called Strike 2-1: Ball 3-1: Called Strike 3-2: SINGLE (Flyball, 56D, EV 93.1 MPH)
|
|
Batting: RHB Kunizo Yanagisawa
|
0-0: Called Strike 0-1: Ball 1-1: Swinging Strike 1-2: Ball 2-2: Fly out, F8 (Flyball, 89XD, EV 87.5 MPH)
|
|
Batting: LHB Alex Genao
|
0-0: Ball 1-0: Ball 2-0: Called Strike 2-1: Fielders Choice at 2nd, 6-4 (Groundball, 6, EV 86.9 MPH)
|
|
Batting: LHB Mark Marvin
|
0-0: Swinging Strike 0-1: SINGLE (Groundball, 6MD, EV 94.4 MPH) Alex Genao to second Runner from 2nd tries for 3rd, SAFE, throw by CF made to third
|
|
Batting: RHB Jonathan Fraire
|
0-0: Called Strike 0-1: Ball 1-1: Ball 2-1: Reached on error, E4 (Groundball, 4, EV 102.5 MPH) Alex Genao scores Mark Marvin to third
|
|
Batting: RHB David Ward
|
0-0: Ball 1-0: Ball 2-0: Called Strike 2-1: Fly out, F9 (Flyball, 89M, EV 85.0 MPH)
|
| Bottom of the 5th over - 1 run, 2 hits, 1 error, 2 left on base; Trenton 1 - Montgomery 1 |
| TOP OF THE 6TH |
|
Trenton Thunder batting - Pitching for Montgomery Biscuits : LHP Chris Ross
|
|
Batting: LHB Bobby Upton
|
0-0: Called Strike 0-1: Ball 1-1: Bunt missed! 1-2: Ball 2-2: Ball 3-2: Foul Ball, location: 2F 3-2: Fly out, F8 (Line Drive, 8LM, EV 92.5 MPH)
|
|
Batting: SHB Ryan Buchbinder
|
0-0: Called Strike 0-1: Swinging Strike 0-2: Foul Ball, location: 2F 0-2: Strikes out looking
|
|
Batting: RHB Dale Altman
|
0-0: Ball 1-0: Ball 2-0: Fly out, F4 (Line Drive, 4M, EV 70.0 MPH)
|
| Top of the 6th over - 0 runs, 0 hits, 0 errors, 0 left on base; Trenton 1 - Montgomery 1 |
| BOTTOM OF THE 6TH |
|
Montgomery Biscuits batting - Pitching for Trenton Thunder : LHP Nick Turner
|
|
Batting: SHB Lou Kroneman
|
0-0: Fly out, F9 (Flyball, 9D, EV 98.1 MPH)
|
|
Batting: SHB Wayne Hattan
|
0-0: Ground out 1-3 (Groundball, 13, EV 68.1 MPH)
|
|
Batting: RHB Freddy Mullen
|
0-0: Ball 1-0: Ball 2-0: Called Strike 2-1: Fly out, F4 (Popup, 23, EV 83.1 MPH)
|
| Bottom of the 6th over - 0 runs, 0 hits, 0 errors, 0 left on base; Trenton 1 - Montgomery 1 |
| TOP OF THE 7TH |
|
Trenton Thunder batting - Pitching for Montgomery Biscuits : LHP Chris Ross
|
|
Batting: RHB Larry Martell
|
0-0: Ball 1-0: Swinging Strike 1-1: Foul Ball, location: 2F 1-2: Foul Ball, location: 2F 1-2: Foul Ball, location: 2F 1-2: Ball 2-2: Foul Ball, location: 2F 2-2: Ground out 5-3 (Groundball, 56, EV 107.5 MPH)
|
|
Batting: RHB Phil Reeves
|
0-0: Ball 1-0: Ball 2-0: Called Strike 2-1: Ball 3-1: Base on Balls
|
|
Pitching: LHP Sam Wesman
|
|
|
Batting: SHB David Stewart
|
0-0: Called Strike 0-1: Ball 1-1: Grounds into double play, 6-4-3 (Groundball, 6, EV 81.9 MPH)
|
| Top of the 7th over - 0 runs, 0 hits, 0 errors, 0 left on base; Trenton 1 - Montgomery 1 |
| BOTTOM OF THE 7TH |
|
Montgomery Biscuits batting - Pitching for Trenton Thunder : LHP Nick Turner
|
|
Batting: LHB Dan Hunt
|
0-0: Foul Ball, location: 2F 0-1: Ground out 5-3 (Groundball, 25, EV 88.1 MPH)
|
|
Batting: RHB Kunizo Yanagisawa
|
0-0: Called Strike 0-1: Ball 1-1: Ground out 5-3 (Groundball, 56, EV 90.0 MPH)
|
|
Batting: LHB Alex Genao
|
0-0: Ground out 4-3 (Groundball, 4, EV 80.6 MPH)
|
| Bottom of the 7th over - 0 runs, 0 hits, 0 errors, 0 left on base; Trenton 1 - Montgomery 1 |
| TOP OF THE 8TH |
|
Trenton Thunder batting - Pitching for Montgomery Biscuits : LHP Sam Wesman
|
|
Batting: RHB Sam Hubbert
|
0-0: Ball 1-0: Ball 2-0: Called Strike 2-1: Foul Ball, location: 2F 2-2: Strikes out swinging
|
|
Batting: RHB Javier Umanzor
|
0-0: Foul Ball, location: 2F 0-1: Foul Ball, location: 2F 0-2: Ball 1-2: Strikes out swinging
|
|
Batting: RHB Christian Shearer
|
0-0: Called Strike 0-1: Ball 1-1: Foul Ball, location: 2F 1-2: Ball 2-2: Foul Ball, location: 2F 2-2: Ball 3-2: Base on Balls
|
|
Batting: LHB Bobby Upton
|
0-0: Ball 1-0: Called Strike Christian Shearer is caught stealing 2nd base 2-6
|
| Top of the 8th over - 0 runs, 0 hits, 0 errors, 0 left on base; Trenton 1 - Montgomery 1 |
| BOTTOM OF THE 8TH |
|
Montgomery Biscuits batting - Pitching for Trenton Thunder : LHP Nick Turner
|
|
Batting: LHB Mark Marvin
|
0-0: Ground out U3 (Groundball, 3, EV 76.2 MPH)
|
|
Batting: RHB Jonathan Fraire
|
0-0: Ball 1-0: Fly out, F7 (Flyball, 7S, EV 90.6 MPH)
|
|
Batting: RHB David Ward
|
0-0: Swinging Strike 0-1: Ball 1-1: Foul Ball, location: 2F 1-2: Ball 2-2: Foul Ball, location: 2F 2-2: Ball 3-2: SINGLE (Line Drive, 78M, EV 97.5 MPH)
|
|
Pitching: RHP Antonio Castillo
|
|
|
Batting: SHB Lou Kroneman
|
0-0: SINGLE (Groundball, 34D, EV 105.6 MPH) David Ward to second Runner from 2nd tries for 3rd, SAFE, throw by RF made to third
|
|
Batting: SHB Wayne Hattan
|
0-0: Ball 1-0: SINGLE (Groundball, 34D, EV 99.4 MPH) David Ward scores Lou Kroneman to second Runner from 2nd tries for 3rd, SAFE, throw by RF made to third
|
|
Batting: RHB Freddy Mullen
|
0-0: Ball 1-0: Called Strike 1-1: Fly out, F4 (Popup, 4D, EV 51.2 MPH)
|
| Bottom of the 8th over - 1 run, 3 hits, 0 errors, 2 left on base; Trenton 1 - Montgomery 2 |
| TOP OF THE 9TH |
|
Trenton Thunder batting - Pitching for Montgomery Biscuits : LHP Sam Wesman
|
|
Pitching: RHP Al Speer
|
|
|
Batting: LHB Bobby Upton
|
0-0: Ball 1-0: Ball 2-0: Foul Ball, location: 2F 2-1: Foul Ball, location: 2F 2-2: Ground out 6-3 (Groundball, 6, EV 85.6 MPH)
|
|
Batting: SHB Ryan Buchbinder
|
0-0: Ball 1-0: Ball 2-0: Swinging Strike 2-1: Ball 3-1: Called Strike 3-2: Strikes out swinging
|
|
Pinch Hitting: LHB Victor Fiallos
|
0-0: Ball 1-0: Called Strike 1-1: Ball 2-1: Called Strike 2-2: Strikes out swinging
|
| Top of the 9th over - 0 runs, 0 hits, 0 errors, 0 left on base; Trenton 1 - Montgomery 2 |
|